 Dungeon Crawl Stone Soup version 0.20-a0-792-g09bcfd3 (webtiles) character file.

82 GlassEater the Ruffian (level 4, 0/40 HPs)
             Began as a Ghoul Monk on Mar 2, 2017.
             Slain by Crazy Yiuf
             ... wielding a +2 quarterstaff of chaos
              (1 damage)
             ... on level 2 of the Dungeon.
             The game lasted 00:03:25 (1694 turns).

GlassEater the Ruffian (Ghoul Monk)                 Turns: 1694, Time: 00:03:27

Health: 0/40       AC:  4    Str: 14    XL:     4   Next: 43%
Magic:  3/3        EV: 13    Int:  5    God:
Gold:   83         SH:  0    Dex: 14    Spells: 3/3 levels left

rFire    + . .     SeeInvis .     - Unarmed
rCold    + . .     Gourm    .   n - +0 leather armour
rNeg     + + +     Faith    .   (no shield)
rPois    ∞         Spirit   .   l - +0 helmet
rElec    .         Reflect  .   (no cloak)
rCorr    .         Harm     .   (no gloves)
MR       .....                  (no boots)
Stlth    ++........             (no amulet)
Regen    0.0/turn               h - +2 ring of dexterity
MPRegen  0.1/turn               g - ring of protection from fire

@: rotting
A: rotting body, claws 1, carnivore 3, cold resistance 1, negative energy
resistance 3, inhibited regeneration, torment resistance, unbreathing
a: no special abilities


You were on level 2 of the Dungeon.
You were not hungry.

You visited 1 branch of the dungeon, and saw 2 of its levels.

You collected 83 gold pieces.

Inventory:

Armour
 l - a +0 helmet (worn)
 n - a +0 leather armour (worn)
Jewellery
 g - a ring of protection from fire (left claw)
 h - a +2 ring of dexterity (right claw)
Wands
 k - a wand of random effects (23/48)
Scrolls
 c - 4 scrolls of identify {unknown}
 e - 3 scrolls of magic mapping {unknown}
 i - a scroll of fog {unknown}
 j - a scroll of amnesia {unknown}
Potions
 d - a potion of magic {unknown}
 f - 4 potions of haste {unknown}
Comestibles
 b - 4 meat rations
 m - 2 chunks of flesh


   Skills:
 + Level 3.8 Fighting
 + Level 3.3 Dodging
 - Level 2.1 Stealth
 + Level 4.5 Unarmed Combat


You had 3 spell levels left.
You didn't know any spells.

Dungeon Overview and Level Annotations

Branches:
Dungeon (2/15)

Altars:
Ashenzari

Annotations:
D:2 Crazy Yiuf


Innate Abilities, Weirdness & Mutations

Your body is rotting away.
You thrive on raw meat.
You are immune to poison.
You have sharp fingernails.
You are carnivorous and can eat meat at any time.
Your flesh is cold resistant. (rC+)
You are immune to negative energy. (rN+++)
You do not regenerate when monsters are visible.
You are immune to unholy pain and torment.
You can survive without breathing.


Message History

g - Guard the area. f - Follow me.
Anything else - Cancel.
Okay, then.
There is an open door here.
You scratch Crazy Yiuf but do no damage.
Crazy Yiuf hits you but does no damage.
You scratch Crazy Yiuf but do no damage.
Crazy Yiuf hits you with a quarterstaff of chaos!
You closely miss Crazy Yiuf.
Crazy Yiuf hits you with a quarterstaff of chaos!
You are electrocuted!
* * * LOW HITPOINT WARNING * * *
You scratch Crazy Yiuf.
Crazy Yiuf is moderately wounded.
Crazy Yiuf whimpers, "Shadow mobile green!"
Crazy Yiuf completely misses you.
You barely miss Crazy Yiuf.
Crazy Yiuf is moderately wounded.
Crazy Yiuf hits you with a quarterstaff of chaos.
You die...

#.# #.##..###...#####......
#.# #...............[......
#.# ####..####.............
#.# #### #######....... #.#
#....#.. #.# #....#.. #.# ####
####....#.. #.# #)..###
##.#..+#.### #.#
#..g@.####......#.# #.#
#...##..#.......#.# #.#####
#### ###.#..#.#.#.# #.....#
########.#.# ######## ##.#.###
#......################.......
#.#####.##..#.................
#.#####.##...................#
#....##..............)........


You could see Crazy Yiuf.

Vanquished Creatures
  Ijyb (D:2)
  2 adders (D:2)
  2 worms (D:2)
  A dart slug (D:1)
  A leopard gecko (D:2)
  3 bats
  8 hobgoblins
  A quokka (D:1)
  A frilled lizard (D:1)
  6 goblins
  3 kobolds
  A rat (D:1)
30 creatures vanquished.

Notes
Turn   | Place    | Note
-------+----------+-------------------------------------------
     0 | D:1      | GlassEater the Ghoul Monk began the quest for the Orb.
     0 | D:1      | Reached XP level 1. HP: 19/19 MP: 0/0
   220 | D:1      | Reached XP level 2. HP: 25/25 MP: 1/1
   588 | D:2      | Reached XP level 3. HP: 22/31 MP: 2/2
   616 | D:2      | Reached skill level 4 in Unarmed Combat
   867 | D:2      | Found a runed door.
  1467 | D:2      | Noticed Ijyb
  1473 | D:2      | Reached XP level 4. HP: 39/40 MP: 3/3
  1488 | D:2      | Killed Ijyb
  1490 | D:2      | Found a shattered altar of Ashenzari.
  1688 | D:2      | Noticed Crazy Yiuf
  1692 | D:2      | HP: 1/40 [Crazy Yiuf/quarterstaff of chaos (16)]
  1694 | D:2      | Slain by Crazy Yiuf

Vault maps used:
D:1:      dpeg_arrival_erosion
D:2:      lemuel_doored_altar, first_bread, uniq_crazy_yiuf_cottage, uniq_iyjb

Skill      XL: |  1  2  3 |
---------------+----------+-----
Dodging        | 3 |  3.3
Unarmed Combat | 4 |  4.5
Fighting       | |  3.8
Stealth        | |  2.1

Action                   |  1- 3 |  4- 6 || total
-------------------------+-------+-------++-------
Melee: Unarmed           |   100 |    13 ||   113
  Eat: Chunk             |     8 |       ||     8
Armor: Robe              |    21 |       ||    21
       Leather armour    |       |     1 ||     1
Dodge: Dodged            |    82 |     3 ||    85
